 Dungeon Crawl Stone Soup version 0.21.0-24-g2553a33 (webtiles) character file.

1102 tidbits the Skirmisher (level 8, 57/73 HPs)
             Began as a Gnoll Wanderer on Jan 20, 2018.
             Quit the game on level 7 of the Dungeon.
             The game lasted 00:14:54 (2015 turns).

tidbits the Skirmisher (Gnoll Wanderer)             Turns: 2015, Time: 00:14:54

Health: 57/73      AC:  7    Str: 17      XL:     8   Next: 32%
Magic:  12/12      EV: 15    Int: 11 (13) God:
Gold:   206        SH:  0    Dex: 18      Spells: 13/13 levels left

rFire    + . .     SeeInvis .   a - +2 falchion
rCold    . . .     Gourm    .   (no shield)
rNeg     . . .     Faith    .   B - +2 robe {rF+}
rPois    .         Spirit   .   E - +0 helmet
rElec    .         Reflect  .   C - +1 cloak
rCorr    .         Harm     .   (no gloves)
MR       +....                  (no boots)
Stlth    +++.......             z - amulet of magic regeneration
HPRegen  0.22/turn              k - ring of protection from magic
MPRegen  0.38/turn              y - +4 ring of strength

@: no status effects
A: distributed training, fangs 1, dopey 1, robust 1, strong nose
a: no special abilities


You were on level 7 of the Dungeon.
You were very full.

You visited 1 branch of the dungeon, and saw 8 of its levels.
You also visited: Sewer.

You collected 206 gold pieces.

Inventory:

Hand Weapons
 a - a +2 falchion (weapon)
 b - a +0 dagger
 t - a +0 scythe
 v - a +0 whip of venom
   (You took it off an orc on level 8 of the Dungeon)
 w - a cursed -1 mace
 x - a +3 quarterstaff of chaos
   (You took it off Crazy Yiuf on level 4 of the Dungeon)
Missiles
 d - 84 stones (quivered)
 h - 11 tomahawks
 n - 72 arrows
Armour
 i - a +0 robe
 B - a +2 robe of fire resistance (worn)
   (You took it off Jessica on level 2 of the Dungeon)
 C - a +1 cloak (worn)
 E - a +0 helmet (worn)
 F - a +1 leather armour of cold resistance
   (You found it on level 6 of the Dungeon)
Jewellery
 g - an uncursed ring of ice
   (You found it on level 7 of the Dungeon)
 k - a ring of protection from magic (left hand)
   (You found it in a sewer)
 y - a +4 ring of strength (right hand)
   (You found it on level 5 of the Dungeon)
 z - an amulet of magic regeneration (around neck)
   (You found it on level 6 of the Dungeon)
Wands
 p - a wand of enslavement (7)
 q - a wand of acid (4)
 u - a wand of polymorph (5)
Scrolls
 f - 2 scrolls of teleportation
 s - a scroll of remove curse
Potions
 e - a potion of resistance {unknown}
 j - 2 potions of mutation {!q}
 l - 2 potions of flight
 m - a potion of degeneration
 o - a potion of heal wounds {unknown}
 r - a potion of ambrosia {unknown}
 A - a potion of magic {unknown}
 D - a potion of curing
Comestibles
 c - 5 rations


   Skills:
 + Level 7.3 Fighting
 + Level 3.1 Short Blades
 + Level 5.6 Long Blades
 + Level 3.1 Axes
 + Level 3.1 Maces & Flails
 + Level 3.1 Polearms
 + Level 3.1 Staves
 + Level 3.1 Slings
 + Level 4.1 Bows
 + Level 3.1 Crossbows
 + Level 3.1 Throwing
 + Level 4.1 Armour
 + Level 4.1 Dodging
 + Level 3.1 Stealth
 + Level 3.1 Shields
 + Level 3.1 Unarmed Combat
 + Level 3.1 Spellcasting
 + Level 2.5 Conjurations
 + Level 2.5 Hexes
 + Level 2.5 Charms
 + Level 2.5 Summonings
 + Level 2.5 Necromancy
 + Level 2.5 Translocations
 + Level 2.5 Transmutations
 + Level 2.5 Fire Magic
 + Level 2.5 Ice Magic
 + Level 2.5 Air Magic
 + Level 2.5 Earth Magic
 + Level 2.5 Poison Magic
 + Level 3.4 Invocations
 + Level 5.6 Evocations


You had 13 spell levels left.
You didn't know any spells.

Dungeon Overview and Level Annotations

Branches:
Dungeon (8/15)
 Temple: D:4-7         Lair: D:8-11

Altars:
Makhleb

Annotations:
D:3 Grinder; tidbits's ghost, weakling GnNe
D:7 exclusion: downstairs


Innate Abilities, Weirdness & Mutations

Your experience applies equally to all skills.
You have very sharp teeth.
Your uncanny sense of smell can sniff out nearby items.
You are dopey. (Int -2)
You are robust. (+10% HP)


Message History

You bite the orc wizard, but do no damage.
The orc wizard is severely wounded.
The orc wizard gestures wildly while chanting.
The orc wizard blinks!
The orc hits you but does no damage.
You slash the orc!
You kill the orc!
You slash the orc!
You kill the orc!
You hit the orc wizard.
The orc wizard is severely wounded.
The orc wizard casts a spell.
The orc wizard blinks!
The orc wizard gestures at you while chanting.
You resist with almost no effort. The orc wizard closely misses you.
You hit the orc wizard.
You kill the orc wizard!
Things that are here:
a dagger; a robe
Things that are here:
a dagger; a robe; an orc corpse
Items here: ( ))) [[ ††
h - 11 tomahawks (gained 3) 2 killer bees come into view.
A bullfrog and a skeleton come into view.
The jackal skeleton moves out of view.
Found a robe.
The jackal skeleton closely misses you.
The jackal skeleton bites you but does no damage.
The bullfrog croaks.
You hear a shout!
The bullfrog misses you.
You riposte.
You slash the bullfrog!
The bullfrog is moderately wounded.
The bullfrog hits you but does no damage.
A shadow imp comes into view.
You closely miss the bullfrog.
The bullfrog is moderately wounded.
The bullfrog hits you but does no damage.
The bullfrog closely misses you.
You hit the bullfrog but do no damage.
The bullfrog is moderately wounded.
The bullfrog hits you but does no damage.
You hit the bullfrog.
You bite the bullfrog, but do no damage.
The bullfrog is heavily wounded.
The bullfrog hits you. The bullfrog closely misses you.
You barely miss the bullfrog.
The bullfrog is heavily wounded.
The bullfrog hits you!
You hit the bullfrog.
You bite the bullfrog, but do no damage.
The bullfrog is severely wounded.
The bullfrog hits you. x2
You slash the bullfrog!
The bullfrog is almost dead.
The bullfrog misses you.
You riposte.
You hit the bullfrog.
You kill the bullfrog!
You feel your intelligence returning.
You hit the jackal skeleton.
The jackal skeleton is heavily damaged.
The jackal skeleton bites you but does no damage.
You slash the jackal skeleton!
You destroy the jackal skeleton!
You hit the shadow imp.
The shadow imp is lightly wounded.
The shadow imp misses you.
You hit the shadow imp.
You bite the shadow imp, but do no damage.
The shadow imp is severely wounded.
The shadow imp hits you but does no damage.
You closely miss the shadow imp.
The shadow imp is severely wounded.
The shadow imp closely misses you.
You closely miss the shadow imp.
The shadow imp is severely wounded.
The shadow imp hits you but does no damage.
You slash the shadow imp!
You kill the shadow imp!
No target in view!
No target in view!
You barely miss the adder zombie. The adder zombie misses you.
You riposte.
You hit the adder zombie.
The adder zombie is moderately damaged.
You hit the adder zombie.
The adder zombie is moderately damaged.
The adder zombie closely misses you.
You slash the adder zombie!
The adder zombie is almost destroyed.
The adder zombie closely misses you.
You hit the adder zombie.
The adder zombie is almost destroyed.
The adder zombie bites you.
You hit the adder zombie.
You destroy the adder zombie!
No target in view!
Found 19 stones.
Found 3 gold pieces.
You see here 3 gold pieces.
You now have 206 gold pieces (gained 3).
Are you sure you want to abandon this character and quit the game? (Confirm with "yes".)

...# ####..#
######.##..#
.......# ######.# #
# #.##..#
######.##..#
...........########
######............#
..........###...@.#
#...........#.#.#.#
.....#..........#.#
..##.#.....##...#.#
#.#........##...#.#
#....#......#...#.#
###.##......#...#.#
#.##......#...#.#
#.##......#...# #


There were no monsters in sight!

Vanquished Creatures
  Sigmund (D:4)
  A hornet zombie (D:6)
  A centaur (D:6)
  3 bullfrogs
  A howler monkey (D:5)
  4 orc wizards
  3 orc priests
  Crazy Yiuf (D:4)
  Jessica (D:2)
  A bullfrog skeleton (D:4)
  An iguana (D:4)
  3 worker ants
  Ijyb (D:4)
  A worker ant zombie (D:6)
  3 adders
  A shadow imp (D:7)
  An adder zombie (D:7)
  An adder skeleton (D:5)
  2 worms
  3 dart slugs
  3 leopard geckos
  17 orcs
  2 ball pythons
  3 bats
  6 giant cockroaches
  3 goblins
  3 hobgoblins
  A jackal (D:4)
  2 quokkas
  3 frilled lizards
  A jackal skeleton (D:7)
  2 kobolds
  2 rats (D:2)
  2 fungi (D:4)
84 creatures vanquished.

Notes
Turn   | Place    | Note
-------+----------+-------------------------------------------
     0 | D:1      | tidbits the Gnoll Wanderer began the quest for the Orb.
     0 | D:1      | tidbits set off with: a +2 falchion, a potion of lignification, a scroll of teleportation, a +0 robe, a ration
     0 | D:1      | Reached XP level 1. HP: 23/23 MP: 3/3
   154 | D:1      | Reached XP level 2. HP: 13/29 MP: 5/5
   169 | D:2      | Noticed Jessica
   173 | D:2      | Killed Jessica
   173 | D:2      | Reached XP level 3. HP: 27/35 MP: 6/6
   263 | D:2      | Reached skill level 1 in Invocations
   318 | D:3      | Noticed Grinder
   319 | D:3      | Noticed tidbits's ghost (weakling GnNe)
   325 | D:3      | Reached skill level 1 in Short Blades
   325 | D:3      | Reached skill level 1 in Axes
   325 | D:3      | Reached skill level 1 in Maces & Flails
   325 | D:3      | Reached skill level 1 in Polearms
   325 | D:3      | Reached skill level 1 in Staves
   325 | D:3      | Reached skill level 1 in Slings
   325 | D:3      | Reached skill level 1 in Crossbows
   325 | D:3      | Reached skill level 1 in Throwing
   325 | D:3      | Reached skill level 1 in Stealth
   325 | D:3      | Reached skill level 1 in Shields
   325 | D:3      | Reached skill level 1 in Unarmed Combat
   325 | D:3      | Reached skill level 1 in Spellcasting
   372 | D:2      | Reached XP level 4. HP: 34/41 MP: 7/7
   523 | D:3      | Reached skill level 1 in Conjurations
   523 | D:3      | Reached skill level 1 in Hexes
   523 | D:3      | Reached skill level 1 in Charms
   523 | D:3      | Reached skill level 1 in Summonings
   523 | D:3      | Reached skill level 1 in Necromancy
   523 | D:3      | Reached skill level 1 in Translocations
   523 | D:3      | Reached skill level 1 in Transmutations
   523 | D:3      | Reached skill level 1 in Fire Magic
   523 | D:3      | Reached skill level 1 in Ice Magic
   523 | D:3      | Reached skill level 1 in Air Magic
   523 | D:3      | Reached skill level 1 in Earth Magic
   523 | D:3      | Reached skill level 1 in Poison Magic
   559 | D:3      | Gained mutation: You are dopey. (Int -2) [potion of mutation]
   559 | D:3      | Gained mutation: You are robust. (+10% HP) [potion of mutation]
   571 | D:3      | Reached XP level 5. HP: 34/51 MP: 8/8
   639 | D:4      | Reached skill level 3 in Bows
   639 | D:4      | Reached skill level 3 in Armour
   639 | D:4      | Reached skill level 3 in Dodging
   708 | D:4      | Found a glowing drain.
   715 | Sewer    | Entered a sewer
   817 | D:4      | Noticed Ijyb
   843 | D:4      | Killed Ijyb
   901 | D:4      | Reached XP level 6. HP: 49/58 MP: 9/9
   932 | D:4      | Noticed Sigmund
   936 | D:4      | Killed Sigmund
   936 | D:4      | Reached skill level 2 in Short Blades
   936 | D:4      | Reached skill level 5 in Long Blades
   936 | D:4      | Reached skill level 2 in Axes
   936 | D:4      | Reached skill level 2 in Maces & Flails
   936 | D:4      | Reached skill level 2 in Polearms
   936 | D:4      | Reached skill level 2 in Staves
   936 | D:4      | Reached skill level 2 in Slings
   936 | D:4      | Reached skill level 2 in Crossbows
   936 | D:4      | Reached skill level 2 in Throwing
   936 | D:4      | Reached skill level 2 in Stealth
   936 | D:4      | Reached skill level 2 in Shields
   936 | D:4      | Reached skill level 2 in Unarmed Combat
   936 | D:4      | Reached skill level 2 in Spellcasting
   936 | D:4      | Reached skill level 2 in Invocations
   936 | D:4      | Reached skill level 5 in Evocations
  1037 | D:4      | Found a runed door.
  1042 | D:4      | Noticed Crazy Yiuf
  1046 | D:4      | Killed Crazy Yiuf
  1122 | D:5      | Entered Level 5 of the Dungeon
  1135 | D:5      | Reached XP level 7. HP: 33/64 MP: 10/10
  1339 | D:6      | Found a burning altar of Makhleb.
  1339 | D:6      | Noticed a green death
  1396 | D:6      | Reached skill level 7 in Fighting
  1469 | D:6      | Reached skill level 2 in Conjurations
  1469 | D:6      | Reached skill level 2 in Hexes
  1469 | D:6      | Reached skill level 2 in Charms
  1469 | D:6      | Reached skill level 2 in Summonings
  1469 | D:6      | Reached skill level 2 in Necromancy
  1469 | D:6      | Reached skill level 2 in Translocations
  1469 | D:6      | Reached skill level 2 in Transmutations
  1469 | D:6      | Reached skill level 2 in Fire Magic
  1469 | D:6      | Reached skill level 2 in Ice Magic
  1469 | D:6      | Reached skill level 2 in Air Magic
  1469 | D:6      | Reached skill level 2 in Earth Magic
  1469 | D:6      | Reached skill level 2 in Poison Magic
  1515 | D:6      | Reached skill level 3 in Invocations
  1564 | D:6      | Reached XP level 8. HP: 32/73 MP: 12/12
  1764 | D:8      | Reached skill level 4 in Bows
  1764 | D:8      | Reached skill level 4 in Armour
  1764 | D:8      | Reached skill level 4 in Dodging
  1810 | D:7      | Reached skill level 3 in Short Blades
  1810 | D:7      | Reached skill level 3 in Axes
  1810 | D:7      | Reached skill level 3 in Maces & Flails
  1810 | D:7      | Reached skill level 3 in Polearms
  1810 | D:7      | Reached skill level 3 in Staves
  1810 | D:7      | Reached skill level 3 in Slings
  1810 | D:7      | Reached skill level 3 in Crossbows
  1810 | D:7      | Reached skill level 3 in Throwing
  1810 | D:7      | Reached skill level 3 in Stealth
  1810 | D:7      | Reached skill level 3 in Shields
  1810 | D:7      | Reached skill level 3 in Unarmed Combat
  1810 | D:7      | Reached skill level 3 in Spellcasting
  2015 | D:7      | Quit the game

Skill      XL: |  1  2  3  4  5  6  7  8 |
---------------+-------------------------+-----
Invocations    | 1 2 3 |  3.4
Short Blades   | 1 2 3 |  3.1
Axes           | 1 2 3 |  3.1
Maces & Flails | 1 2 3 |  3.1
Polearms       | 1 2 3 |  3.1
Staves         | 1 2 3 |  3.1
Slings         | 1 2 3 |  3.1
Crossbows      | 1 2 3 |  3.1
Throwing       | 1 2 3 |  3.1
Stealth        | 1 2 3 |  3.1
Shields        | 1 2 3 |  3.1
Unarmed Combat | 1 2 3 |  3.1
Spellcasting   | 1 2 3 |  3.1
Conjurations   | 1 2 |  2.5
Hexes          | 1 2 |  2.5
Charms         | 1 2 |  2.5
Summonings     | 1 2 |  2.5
Necromancy     | 1 2 |  2.5
Translocations | 1 2 |  2.5
Transmutations | 1 2 |  2.5
Fire Magic     | 1 2 |  2.5
Ice Magic      | 1 2 |  2.5
Air Magic      | 1 2 |  2.5
Earth Magic    | 1 2 |  2.5
Poison Magic   | 1 2 |  2.5
Bows           | 3 4 |  4.1
Armour         | 3 4 |  4.1
Dodging        | 3 4 |  4.1
Long Blades    | 5 |  5.6
Evocations     | 5 |  5.6
Fighting       | 7 |  7.3

Action                   |  1- 3 |  4- 6 |  7- 9 || total
-------------------------+-------+-------+-------++-------
Melee: Falchion          |    44 |   119 |   103 ||   266
       Bite              |     6 |    29 |    20 ||    55
       Unarmed           |     7 |       |       ||     7
       Dagger            |       |     1 |     1 ||     2
       Quarterstaff      |       |       |    16 ||    16
       Punch             |       |       |     1 ||     1
Throw: Stone             |     3 |       |       ||     3
       Throwing net      |       |     1 |       ||     1
Evoke: Wand              |       |     6 |       ||     6
  Use: Potion            |     1 |     5 |     1 ||     7
       Scroll            |       |     5 |     5 ||    10
 Stab: Sleeping          |     1 |     3 |       ||     4
       Held in net/web   |       |     2 |       ||     2
       Confused          |       |       |     2 ||     2
  Eat: Chunk             |       |     1 |       ||     1
       Ration            |       |       |     3 ||     3
Armor: Robe              |     5 |    21 |    30 ||    56
       Skin              |     6 |       |       ||     6
Dodge: Dodged            |    35 |    58 |    71 ||   164
       Rpst.: Falchion   |    13 |    21 |    17 ||    51

Table legend:
 A = Turns spent in this place as a percentage of turns spent in the entire game.
 B = Non-inter-level travel turns spent in this place as a percentage of non-inter-level travel turns spent in the entire game.
 C = Inter-level travel turns spent in this place as a percentage of turns spent in this place.
 D = Turns resting spent in this place as a percentage of non-inter-level travel turns spent in this place.
 E = Turns spent auto-exploring this place as a percentage of non-inter-level travel turns spent in this place.
 F = Non-inter-level travel turns spent in this place divided by the number of levels of this place that you've seen.
                   A       B       C       D       E      F
               +-------+-------+-------+-------+-------+----------------------
         Total | 100.0 | 100.0 |   4.9 |   0.0 |   0.0 | 212.9
       Dungeon |  95.9 |  95.7 |   5.1 |   0.0 |   0.0 | 229.1
         Sewer |   4.1 |   4.3 |   0.0 |   0.0 |   0.0 |  83.0
               +-------+-------+-------+-------+-------+----------------------

Table legend:
 A = Kills in this place as a percentage of kills in entire the game.
 B = Kills by you in this place as a percentage of kills by you in the entire game.
 C = Kills by friends in this place as a percentage of kills by friends in the entire game.
 D = Other kills in this place as a percentage of other kills in the entire game.
 E = Experience gained in this place as a percentage of experience gained in the entire game.
 F = Experience gained in this place divided by the number of levels of this place that you have seen.
                   A       B       C       D       E      F
               +-------+-------+-------+-------+-------+----------------------
         Total | 100.0 | 100.0 |   N/A |   N/A | 100.0 | 175.0
       Dungeon |  98.8 |  98.8 |   N/A |   N/A |  99.9 | 196.6
         Sewer |   1.2 |   1.2 |   N/A |   N/A |   0.1 |   2.0
               +-------+-------+-------+-------+-------+----------------------

Vault maps used:
D:1:      dpeg_arrival_morbid_curiosity
D:2:      wad_woods_stonehenge, lemuel_coloured_pillars_altar,
          kennysheep_cluttered_room, fountainhead, minmay_pentomino_v4,
          uniq_jessica
D:3:      uniq_grinder
D:4:      first_ration, gup_sewer_entry_pipe, uniq_crazy_yiuf_cottage,
          uniq_sigmund, uniq_ijyb
D:5:      temple_fountains, uniq_prince_ribbit1
D:6:      makhleb_altar_promises_db
D:7:      nrook_mini_vaults
D:8:      uniq_grum
Sewer:    kennysheep_door_sewer
